 Dungeon Crawl Stone Soup version 0.17.0-26-gececa24 (webtiles) character file.

1291 Helmschank the Slicer (level 8, -3/48 HPs)
             Began as a Kobold Transmuter on Nov 19, 2015.
             Slain by a worm (4 damage)
             ... on level 5 of the Dungeon.
             The game lasted 00:32:55 (7226 turns).

Helmschank the Slicer (Kobold Transmuter)           Turns: 7226, Time: 00:32:55

Health: -3/48      AC:  5    Str:  9    XL:     8   Next: 86%
Magic:  11/11      EV: 12    Int: 11    God:
Gold:   197        SH:  0    Dex: 18    Spells: 2 memorised, 8 levels left

rFire  . . .     SeeInvis .     q - +2 dagger (vamp)
rCold  + . .     Clarity  .     k - +1 leather armour
rNeg   . . .     SustAt   .     (shield restricted)
rPois  .         Gourm    .     p - +0 helmet
rElec  .         Spirit   .     (no cloak)
rCorr  .         Warding  .     (no gloves)
rMut   .         Stasis   .     (no boots)
MR     .....                    e - amulet of rage
Stlth  +++.......               (no ring)
                                m - ring of protection from cold

@: slowed, very slow, not resistant to hostile enchantments, fairly stealthy
A: carnivore 3
a: Evoke Berserk Rage


You were on level 5 of the Dungeon.
You were very full.

You visited 1 branch of the dungeon, and saw 5 of its levels.

You collected 197 gold pieces.

Inventory:

Hand Weapons
 o - a +0 short sword
 q - a +2 vampiric dagger (weapon)
 t - a +0 dagger of protection
 w - a +0 rapier of protection
Missiles
 a - 33 arrows
 r - 2 steel tomahawks (quivered)
 s - 2 tomahawks
 U - 108 stones
Armour
 k - a +1 leather armour (worn)
 p - a +0 helmet (worn)
Jewellery
 e - an amulet of rage (around neck)
 m - a ring of protection from cold (left hand)
Wands
 b - a wand of flame (12)
Scrolls
 f - a scroll of identify
 g - a scroll of teleportation {unknown}
 h - a scroll of amnesia
 i - a scroll of remove curse
Potions
 l - a potion of ambrosia
Books
 c - a book of Changes

   Spells                             Type                      Level
   a - Beastly Appendage              Transmutation                1
   b - Sticks to Snakes               Transmutation                2
   c - Spider Form                    Transmutation/Poison         3
   d - Ice Form                       Ice/Transmutation            4
   e - Blade Hands                    Transmutation                5
Comestibles
 d - 2 meat rations
 n - 5 chunks of flesh


   Skills:
 + Level 4.8 Fighting
 * Level 9.2 Short Blades
 + Level 5.2 Dodging
 - Level 5.2 Stealth
 - Level 3.0 Unarmed Combat
 - Level 2.0 Spellcasting
 - Level 1.7 Transmutations
 + Level 0.5 Evocations


You had 8 spell levels left.
You knew the following spells:

 Your Spells              Type           Power        Failure   Level  Hunger
x - Sticks to Snakes      Trmt           #.........   34%         2    ###....
z - Beastly Appendage     Trmt           #.....       21%         1    ##.....


Dungeon Overview and Level Annotations

Branches:
Dungeon (5/15)
 Temple: D:4-7

Altars:
Cheibriados
Elyvilon
Okawaru
Sif Muna
Vehumet

Annotations:
D:4 Dowan; Duvessa; Edmund
D:5 gw's ghost, novice HuSk


Innate Abilities, Weirdness & Mutations

You are small and have problems with some larger weapons.
You are carnivorous and can eat meat at any time.


Message History

Items here: ))) รท a club x2 a morningstar; an orc skeleton Drink which item? (? for menu, Esc to quit)
You feel better.
The orc wizard points at you and mumbles some strange words.
The magic dart hits you!
* * * LOW HITPOINT WARNING * * *
You hear some strange, mumbled words.
Something tries to affect you, but you resist.
A puff of flame appears from out of thin air!
The puff of flame hits you!
* * * LOW HITPOINT WARNING * * *
There is a stone staircase leading up here.
You hear some strange, mumbled words.
A puff of flame appears from out of thin air!
The puff of flame hits you!
* * * LOW HITPOINT WARNING * * *
The worm bites you.
You die...

###.# #....#### #.# #....wa..
..# #.# ######.......##+#..#
#.# #.......o..........# #.#
#...........a......# #.#
#.......####.......# #.#
######'#####..!....# #.#
#.....[..##o......###..
#.#####......@..#.o...........
#...........w...#...o...###+#.
#........##'###.#...o..##.....
#........##.# #o#.......'.....
#........##.###.#.......#...o.
#........##........#'#........
#........######.##.#.#...$.###
#.######## #.##.#.#.....# #.#
#.##.#.#.....#


You could see a worm and an orc wizard.

Vanquished Creatures
  Pikel (D:4)
  A crimson imp (D:5)
  2 hounds (D:4)
  2 orc priests (D:4)
  Jessica (D:2)
  A centaur skeleton (D:4)
  2 iguanas (D:4)
  Natasha (thrice) (D:2)
  3 worker ants
  6 orc wizards
  8 gnolls
  Robin (D:4)
  6 adders
  An ooze (D:3)
  3 worms
  5 giant geckos
  19 orcs
  A ball python (D:1)
  13 bats
  3 giant cockroaches
  15 hobgoblins
  6 jackals
  7 kobolds
  4 quokkas
  4 giant newts
  16 goblins
  11 rats
145 creatures vanquished.

Vanquished Creatures (others)
  A slave (D:4)
  2 adders (D:4)
  An orc (D:4)
  A giant newt (D:4)
5 creatures vanquished.

Grand Total: 150 creatures vanquished

Notes
Turn   | Place    | Note
--------------------------------------------------------------
     0 | D:1      | Helmschank the Kobold Transmuter began the quest for the Orb.
     0 | D:1      | Reached XP level 1. HP: 12/12 MP: 3/3
   262 | D:1      | Reached skill level 1 in Short Blades
   262 | D:1      | Reached XP level 2. HP: 17/17 MP: 5/5
  1070 | D:1      | Reached XP level 3. HP: 18/21 MP: 4/6
  1641 | D:2      | Found an iron altar of Okawaru.
  1641 | D:2      | Found a deep blue altar of Sif Muna.
  1678 | D:2      | Reached XP level 4. HP: 26/26 MP: 7/7
  1772 | D:2      | Reached skill level 4 in Short Blades
  2097 | D:2      | Noticed Natasha
  2262 | D:2      | Noticed Jessica
  2409 | D:2      | Killed Jessica
  2409 | D:2      | Reached skill level 5 in Short Blades
  2656 | D:2      | Killed Natasha
  2656 | D:2      | Reached XP level 5. HP: 21/30 MP: 8/8
  2667 | D:2      | Noticed Natasha
  2746 | D:2      | Killed Natasha
  2812 | D:2      | Noticed Natasha
  2926 | D:2      | Killed Natasha
  3040 | D:3      | Found a snail-covered altar of Cheibriados.
  3056 | D:3      | Found a white marble altar of Elyvilon.
  3569 | D:3      | Reached skill level 6 in Short Blades
  3574 | D:3      | Learned a level 2 spell: Sticks to Snakes
  3653 | D:4      | Reached XP level 6. HP: 35/35 MP: 9/9
  3741 | D:4      | Reached skill level 1 in Stealth
  4138 | D:4      | Noticed Pikel
  4138 | D:4      | Noticed a slave
  4138 | D:4      | Noticed a slave
  4138 | D:4      | Noticed a slave
  4138 | D:4      | Noticed a slave
  4196 | D:4      | Noticed Robin
  4458 | D:4      | Killed Robin
  4521 | D:4      | Noticed Duvessa
  4522 | D:4      | Noticed Dowan
  4772 | D:4      | Reached XP level 7. HP: 33/41 MP: 10/10
  4811 | D:4      | Reached skill level 7 in Short Blades
  4857 | D:4      | Found a radiant altar of Vehumet.
  5407 | D:4      | Killed Pikel
  5407 | D:4      | Reached skill level 8 in Short Blades
  5407 | D:4      | Reached XP level 8. HP: 24/48 MP: 11/11
  5904 | D:4      | Noticed Edmund
  6126 | D:4      | Reached skill level 5 in Dodging
  6368 | D:4      | Killed a freed slave
  6390 | D:4      | Reached skill level 5 in Stealth
  6445 | D:5      | Entered Level 5 of the Dungeon
  6502 | D:5      | Noticed gw's ghost (novice HuSk)
  6605 | D:4      | Reached skill level 9 in Short Blades
  7226 | D:5      | HP: 1/48 [something/puff of flame (7)]
  7226 | D:5      | Slain by a worm

Action                   |  1- 3 |  4- 6 |  7- 9 || total
-------------------------+-------+-------+-------++-------
Melee: Unarmed           |    13 |       |       ||    13
       Dagger            |    59 |    13 |   353 ||   425
       Short sword       |    69 |    55 |       ||   124
       Rapier            |       |   220 |       ||   220
Throw: Stone             |    16 |    49 |     3 ||    68
       Tomahawk          |       |       |     2 ||     2
 Cast: Beastly Appendage |     3 |       |       ||     3
 Abil: Evoke Berserk Rag |       |       |     1 ||     1
  Use: Scroll            |       |     7 |     1 ||     8
       Potion            |       |     1 |     3 ||     4
 Stab: Sleeping          |     1 |     4 |     2 ||     7
  Eat: Chunk             |    11 |    11 |    17 ||    39
